 Dungeon Crawl Stone Soup version 0.25-a0-479-g8579842fd4 (webtiles) character file.

Game seed: 10579086585741070311, levelgen mode: deterministic

27458 kae the Slicer (level 13, -5/82 HPs)
             Began as a Kobold Enchanter on Feb 9, 2020.
             Was an Elder of Dithmenos.
             Slain by a white ugly thing (24 damage)
             ... in an ice cave.
             The game lasted 00:38:45 (23430 turns).

kae the Slicer (Kobold Enchanter)                  Turns: 23430, Time: 00:38:45

Health: -5/82      AC: 12    Str:  5    XL:     13   Next: 65%
Magic:  0/31       EV: 23    Int: 16    God:    Dithmenos [****..]
Gold:   1022       SH:  8    Dex: 21    Spells: 12/24 levels left

rFire    . . .     SeeInvis .   B - +3 dagger (freeze)
rCold    . . .     Gourm    .   I - +2 buckler
rNeg     . . .     Faith    .   y - +4 troll leather armour
rPois    .         Spirit   +   (no helmet)
rElec    .         Reflect  .   G - +2 cloak {+Inv}
rCorr    .         Harm     .   k - +0 pair of gloves
MR       .....                  (no boots)
Stlth    +++++++++.             K - amulet of guardian spirit
HPRegen  0.63/turn              L - ring of stealth
MPRegen  0.22/turn              J - ring of magical power

@: confusing touch, very slightly contaminated, wreathed by umbra, studying Long
Blades
A: small, carnivore
a: Shadow Step, Renounce Religion, Evoke Invisibility


You were in an ice cave.
You worshipped Dithmenos.
Dithmenos was greatly pleased with you.
You were not hungry.

You visited 3 branches of the dungeon, and saw 17 of its levels.
You also visited: Ice Cave.

You collected 1022 gold pieces.

Inventory:

Hand Weapons
 a - a +2 dagger of electrocution
 B - a +3 dagger of freezing (weapon)
Armour
 k - a +0 pair of gloves (worn)
 o - a +2 cloak of poison resistance
 u - a scarf of cloud immunity
 y - a +4 troll leather armour (worn)
 E - +0 steam dragon scales
 G - a +2 cloak of invisibility (worn)
 I - a +2 buckler (worn)
Jewellery
 f - an uncursed amulet of the acrobat
 h - a +2 ring of protection
 t - an uncursed amulet of harm
 v - an uncursed ring of wizardry
 z - an uncursed ring of flight
 J - a ring of magical power (right hand)
 K - an amulet of guardian spirit (around neck)
 L - a ring of stealth (left hand)
Wands
 b - a wand of paralysis (17)
 r - a wand of clouds (7)
 x - a wand of iceblast (28)
 C - a wand of disintegration (6)
 H - a wand of digging (2)
Scrolls
 c - 14 scrolls of remove curse
 e - 10 scrolls of teleportation
 g - 5 scrolls of identify
 l - a scroll of fog
 m - 3 scrolls of blinking
 s - 3 scrolls of amnesia
 F - a scroll of silence
Potions
 i - 2 potions of mutation
 j - 3 potions of heal wounds
 n - 3 potions of resistance
 p - a potion of haste
 w - a potion of flight
 A - 6 potions of curing
 D - a potion of brilliance
Books
 q - a manual of Long Blades
Comestibles
 d - 43 rations


   Skills:
 - Level 10.0 Fighting
 - Level 13.0 Short Blades
 - Level 11.0 Dodging
 - Level 12.0 Stealth
 + Level 3.1 Shields
 - Level 6.0 Spellcasting
 - Level 8.1 Hexes
 - Level 6.0 Invocations
 + Level 6.6 Evocations


You had 12 spell levels left.
You knew the following spells:

 Your Spells              Type           Power        Failure   Level  Hunger
a - Corona                Hex            ####...      1%          1    None
b - Ensorcelled Hibernat  Hex/Ice        ###...       9%          2    #......
c - Confusing Touch       Hex            ####....     3%          3    ##.....
d - Tukima's Dance        Hex            ####....     3%          3    ##.....
e - Dazzling Flash        Conj/Hex       ###...       17%         3    ##.....

Your spell library contained the following spells:

 Spells                   Type           Power        Failure   Level  Hunger
 Slow                     Hex            ####....     1%          2    #......
 Cause Fear               Hex            ####......   11%         4    ####...
 Inner Flame              Hex/Fire       ###.....     17%         3    ##.....
 Portal Projectile        Hex/Tloc       ###...       17%         3    ##.....
 Animate Skeleton         Necr           N/A          28%         1    None
 Pain                     Necr           #...         28%         1    None
 Leda's Liquefaction      Hex/Erth       ###.......   50%         4    ####...
 Vampiric Draining        Necr           #.........   65%         3    ##.....
 Animate Dead             Necr           N/A          96%         4    ####...
 Agony                    Necr           #.......     100%        5    ######.


Dungeon Overview and Level Annotations

Branches:
Dungeon (12/15)            Temple (1/1) D:6            Lair (4/6) D:11
 Shoals (0/4) Lair:3        Snake (0/4) Lair:3          Orc (0/2) D:11
  IceCv (1/1)

Altars:
Ashenzari
Cheibriados
Dithmenos
Elyvilon
Fedhas
Gozag
Hepliaklqana
Kikubaaqudgha
Makhleb
Nemelex Xobeh
Okawaru
Qazlal
Ru
Sif Muna
Trog
Uskayaw
Vehumet
Wu Jian
Xom
Yredelemnul
Zin
The Shining One

Shops:
D:4 =

Annotations:
D:10 Gastronok
Lair:2 exclusion: 2 oklob plants
Lair:4 exclusion: dream sheep


Innate Abilities, Weirdness & Mutations

You are small and have problems with some larger weapons.
You are carnivorous and can eat meat at any time.


Message History

You catch the helpless ice statue completely off-guard!
You stick the ice statue like a pincushion!!!
You destroy the ice statue!
Dithmenos accepts your kill.
The ice beast disappears in a puff of smoke!
Your Shields skill increases to level 3!
The white ugly thing is engulfed in freezing vapours.
Found six items.
You flicker back into view.
You hit the white ugly thing but do no damage.
The white ugly thing stings you. The white ugly thing freezes you!
You are too injured to fight recklessly!
Casting: Confusing Touch (safe; 3% risk of failure)
Confirm with . or Enter, or press ? or * to list all spells.
Your hands begin to glow red.
The white ugly thing stings you. The white ugly thing freezes you!!
The white ugly thing stings you!
* * * LOW HITPOINT WARNING * * *
The white ugly thing freezes you!!
You die...

############# ######
#....)#.....## ##..!$[#
......#......###.....!#
......#.......#.......#
......#.......#.......#
................@u...:#
.....÷#.......#.......#
......#.....°°#.......#
.....)#......###...../#
#...).#.....## ##..((=#
############# ######


You could see a white ugly thing.

Vanquished Creatures
  Josephine (D:10)
  Snorg (D:12)
  2 hydras
  A catoblepas (Lair:2)
  Harold (Lair:1)
  4 ugly things
  2 centaur zombies
  4 black mambas
  3 ice statues (IceCv)
  2 gargoyles (D:10)
  Joseph (D:8)
  3 spiny frogs
  Psyche (D:10)
  Maggie (Lair:1)
  2 komodo dragons
  A rime drake (Lair:1)
  5 trolls
  4 blink frogs (Lair:2)
  3 hornets
  3 hippogriffs
  6 slime creatures (D:12)
  Sigmund (D:4)
  4 wraiths
  10 yaks
  A basilisk (Lair:2)
  A steam dragon (D:10)
  5 water moccasins
  Duvessa (D:4)
  4 porcupines
  7 sky beasts
  3 black bears
  15 ice beasts
  3 orc warriors
  A phantom (D:7)
  7 ogres
  10 wolves (Lair:3)
  10 centaurs
  8 crocodiles
  A big kobold (D:10)
  Blork the orc (D:6)
  12 bullfrogs
  Dowan (D:4)
  A water moccasin skeleton (D:4)
  3 scorpions
  3 killer bees (D:8)
  An electric eel (Lair:2)
  2 crimson imps
  2 bullfrog zombies (D:11)
  A quasit (D:11)
  8 hounds
  3 orc priests
  Crazy Yiuf (D:3)
  3 jellies
  7 orc wizards
  A centaur skeleton (D:11)
  Jessica (D:2)
  12 worker ants
  2 iguanas
  Robin (D:4)
  A worker ant zombie (D:6)
  7 gnolls
  14 adders
  3 oozes
  An adder zombie (D:8)
  2 adder skeletons
  2 worms (D:3)
  3 dart slugs (D:1)
  9 leopard geckos
  34 orcs
  4 giant cockroaches
  12 goblins
  8 hobgoblins
  17 jackals
  15 kobolds
  5 quokkas
  6 bats
  5 frilled lizards
  A giant cockroach zombie (D:6)
  A jackal skeleton (D:5)
  A leopard gecko skeleton (D:9)
  A quokka skeleton (D:9)
  15 rats
  A fungus (Lair:2)
377 creatures vanquished.

Vanquished Creatures (others)
  A fungus (Lair:3)
  3 plants
4 creatures vanquished.

Grand Total: 381 creatures vanquished

Notes
Turn   | Place    | Note
-------+----------+-------------------------------------------
     0 | D:1      | kae the Kobold Enchanter began the quest for the Orb.
     0 | D:1      | Reached XP level 1. HP: 10/10 MP: 3/3
   193 | D:1      | Reached XP level 2. HP: 15/15 MP: 5/5
   217 | D:1      | Reached skill level 2 in Short Blades
   475 | D:1      | Learned a level 2 spell: Ensorcelled Hibernation
   595 | D:1      | Reached XP level 3. HP: 10/19 MP: 0/7
  1797 | D:2      | Reached skill level 3 in Short Blades
  2005 | D:2      | Reached XP level 4. HP: 21/24 MP: 8/8
  2080 | D:2      | Noticed Jessica
  2082 | D:2      | Killed Jessica
  2299 | D:2      | Reached skill level 4 in Short Blades
  2628 | D:3      | Reached XP level 5. HP: 28/28 MP: 9/9
  3056 | D:3      | Found a hide-covered altar of Uskayaw.
  3061 | D:3      | Noticed a +0 dagger
  3062 | D:3      | Noticed a +0 hand axe
  3530 | D:3      | Found a runed translucent door.
  3531 | D:3      | Noticed Crazy Yiuf
  3612 | D:3      | Found a glowing golden altar of the Shining One.
  3990 | D:4      | Noticed Duvessa
  4083 | D:4      | Noticed an ogre
  4099 | D:4      | HP: 1/28 [ogre/cursed -2 giant club (12)]
  4310 | D:4      | Found Kifuumoc's Jewellery Shop.
  4315 | D:4      | Reached skill level 5 in Short Blades
  4330 | D:4      | Noticed Sigmund
  4350 | D:4      | Killed Sigmund
  4350 | D:4      | Reached skill level 6 in Short Blades
  4350 | D:4      | Reached XP level 6. HP: 12/32 MP: 2/10
  4384 | D:4      | Noticed Robin
  4387 | D:4      | Killed Robin
  4553 | D:4      | Reached XP level 7. HP: 21/36 MP: 11/11
  4719 | D:4      | Reached skill level 7 in Short Blades
  4731 | D:4      | Reached skill level 5 in Hexes
  4923 | D:4      | Reached skill level 8 in Short Blades
  4986 | D:4      | Reached XP level 8. HP: 31/41 MP: 5/12
  5318 | D:3      | Killed Crazy Yiuf
  5399 | D:4      | Noticed Dowan
  5520 | D:4      | Reached skill level 9 in Short Blades
  5663 | D:4      | Killed Duvessa
  5984 | D:4      | Killed Dowan
  6003 | D:5      | Entered Level 5 of the Dungeon
  6018 | D:5      | HP: 2/41 [ogre/+0 giant spiked club (15)]
  6801 | D:5      | Reached skill level 10 in Short Blades
  7035 | D:6      | Found a staircase to the Ecumenical Temple.
  7223 | Temple   | Entered the Ecumenical Temple
  7354 | Temple   | Became a worshipper of Dithmenos the Shadowed
  7568 | D:6      | Reached skill level 11 in Short Blades
  7568 | D:6      | Reached XP level 9. HP: 45/45 MP: 8/13
  8186 | D:5      | Learned a level 3 spell: Confusing Touch
  9077 | D:6      | Noticed Blork the orc
  9094 | D:6      | Killed Blork the orc
  9441 | D:7      | Reached skill level 12 in Short Blades
 10036 | D:7      | Reached * piety under Dithmenos
 10356 | D:7      | Found a radiant altar of Vehumet.
 10427 | D:7      | Found a shimmering altar of Xom.
 10431 | D:7      | Found an iron altar of Okawaru.
 10749 | D:8      | Reached skill level 13 in Short Blades
 10807 | D:8      | Reached XP level 10. HP: 48/51 MP: 3/14
 10893 | D:8      | Reached skill level 1 in Fighting
 11103 | D:8      | Noticed Joseph
 11136 | D:8      | Killed Joseph
 11537 | D:8      | Reached skill level 5 in Dodging
 12514 | D:9      | Reached skill level 5 in Fighting
 12870 | D:9      | Reached ** piety under Dithmenos
 12989 | D:9      | Found a snail-covered altar of Cheibriados.
 13247 | D:10     | Entered Level 10 of the Dungeon
 13630 | D:10     | Reached XP level 11. HP: 61/66 MP: 12/15
 13644 | D:10     | Found an iron altar of Okawaru.
 13731 | D:10     | Noticed Psyche
 13761 | D:10     | Noticed a red ugly thing
 13769 | D:10     | Killed a red ugly thing
 13818 | D:10     | Noticed Gastronok
 14193 | D:10     | Noticed Josephine
 14886 | D:10     | Killed Josephine
 14974 | D:10     | Killed Psyche
 14974 | D:10     | Reached skill level 10 in Dodging
 15263 | D:11     | Found a staircase to the Lair.
 15573 | D:11     | Noticed a white ugly thing
 15705 | D:11     | Killed a white ugly thing
 15813 | D:11     | Reached *** piety under Dithmenos
 16143 | D:11     | Found a staircase to the Orcish Mines.
 16164 | D:11     | Noticed a six-headed hydra
 16287 | D:11     | Learned a level 3 spell: Tukima's Dance
 16291 | D:11     | Learned a level 3 spell: Dazzling Flash
 17344 | D:12     | Reached skill level 10 in Fighting
 17344 | D:12     | Reached XP level 12. HP: 77/77 MP: 12/16
 17380 | D:12     | Reached skill level 1 in Invocations
 17380 | D:12     | Reached skill level 1 in Evocations
 17765 | D:12     | Noticed Snorg
 17767 | D:12     | Killed Snorg
 18446 | Lair:1   | Entered Level 1 of the Lair of Beasts
 18446 | Lair:1   | Noticed Maggie
 18446 | Lair:1   | Noticed a six-headed hydra
 18450 | Lair:1   | Killed a six-headed hydra
 18457 | Lair:1   | Reached skill level 5 in Spellcasting
 18472 | Lair:1   | Killed Maggie
 18472 | Lair:1   | Reached skill level 5 in Evocations
 19080 | Lair:1   | Reached skill level 5 in Invocations
 19255 | Lair:1   | Noticed Harold
 19732 | Lair:1   | Killed Harold
 20013 | Lair:2   | Noticed a catoblepas
 20047 | Lair:2   | Reached skill level 5 in Stealth
 20065 | Lair:2   | Killed a catoblepas
 20065 | Lair:2   | Reached XP level 13. HP: 82/82 MP: 13/22
 20108 | Lair:2   | Noticed an eight-headed hydra
 20142 | Lair:2   | Killed an eight-headed hydra
 20988 | Lair:3   | Found a staircase to the Shoals.
 21464 | Lair:3   | Reached skill level 10 in Stealth
 21473 | Lair:3   | Reached **** piety under Dithmenos
 21835 | Lair:3   | Found a staircase to the Snake Pit.
 21854 | Lair:3   | Reached skill level 1 in Shields
 22751 | Lair:4   | Found a frozen archway.
 22937 | Lair:4   | Identified a scroll of acquirement
 22937 | Lair:4   | Identified the +7 rapier "Ozudoina" {vorpal, Str+4} (You
                  | acquired it on level 4 of the Lair of Beasts)
 22950 | IceCv    | Entered an ice cave
 23430 | IceCv    | Slain by a white ugly thing

Levels and vault maps discovered:
D:1:      wheals_arrival_linesprint, layout_basic
D:2:      layout_loops_cross, first_ration, mrwooster_statue_mirror,
          uniq_jessica
D:3:      layout_basic, dancing_weapons_uskayaw, overflow_temple_1_default,
          chequers_garden, uniq_crazy_yiuf_cottage
D:4:      layout_basic, serial_shops, shop, minmay_misc_feat_rows,
          kennysheep_generic_room_8, uniq_duvessa, uniq_sigmund, uniq_robin
D:5:      layout_rooms, minmay_manual_mandibuliform
D:6:      layout_basic, minmay_temple_entry_slanted, uniq_blork_the_orc
D:7:      layout_gridville, minitemple
D:8:      layout_layer_cave, uniq_joseph
D:9:      layout_basic, lemuel_crystal_altar
D:10:     layout_basic, basic_altar, uniq_psyche, uniq_josephine, uniq_gastronok
D:11:     layout_basic, lair_entry_dummy, orc_0_dummy, hangedman_pestilent_swarm
D:12:     layout_rooms, serial_curves, eino_curves_03, eino_curves_04,
          uniq_snorg
Temple:   nicolae_temple_elliptical
Lair:1:   layout_chaotic_city, uniq_harold, uniq_maggie
Lair:2:   layout_regular_city, beast_lair_carwin_2, grunt_megastairs_4,
          serial_bayou_shore_a, lemuel_fruit_tree, minmay_lair_oklob_chamber,
          lemuel_fruit_fields
Lair:3:   layout_layer_cave, elwin_shoals_entry_rocks,
          minmay_snake_entry_six_corridors, minivault_24
Lair:4:   layout_hall_layers, basic_altar, portal_ice_cave_entry_ice_beasts,
          uniq_rupert
IceCv:    ice_cave_statue_garden_chambered

Skill      XL: |  1  2  3  4  5  6  7  8  9 10 11 12 13 |
---------------+----------------------------------------+-----
Short Blades   | 2 3 4 6 8 11 13 | 13.0
Spellcasting   | 3 6 |  6.0
Hexes          | 4 5 6 8 |  8.1
Fighting       | 6 10 | 10.0
Dodging        | 8 11 | 11.0
Invocations    | 6 |  6.0
Evocations     | 6 |  6.6
Stealth        | 6 12 | 12.0
Shields        | 3 |  3.1

Action                   |  1- 3 |  4- 6 |  7- 9 | 10-12 | 13-15 || total
-------------------------+-------+-------+-------+-------+-------++-------
Melee: Dagger            |   149 |   179 |   293 |   778 |   328 ||  1727
 Cast: Corona            |    14 |       |     3 |     6 |     1 ||    24
       Ensorcelled Hiber |     6 |    19 |   125 |   208 |    55 ||   413
       Confusing Touch   |       |       |     1 |    26 |    10 ||    37
       Dazzling Flash    |       |       |       |     3 |     4 ||     7
 Abil: Evoke Invisibilit |       |       |       |       |     3 ||     3
Evoke: Wand              |       |       |       |     3 |       ||     3
  Use: Scroll            |       |     9 |    10 |     9 |     9 ||    37
       Potion            |       |     4 |     1 |     4 |       ||     9
 Stab: Sleeping          |     7 |    16 |    63 |    78 |    35 ||   199
       Distracted        |       |     1 |     2 |       |       ||     3
       Confused          |       |       |     1 |    39 |    10 ||    50
       Invisible         |       |       |       |       |    12 ||    12
  Eat: Chunk             |    12 |    10 |    22 |    39 |    14 ||    97
Armor: Robe              |    12 |    21 |    44 |    15 |       ||    92
       Skin              |       |       |       |    11 |       ||    11
       Troll leather arm |       |       |       |    59 |    32 ||    91
Dodge: Dodged            |   116 |   120 |   210 |   565 |   255 ||  1266
Block: Buckler           |       |       |       |       |    30 ||    30

Table legend:
 A = Non-vault XP
 B = Vault XP
 C = Vault XP percentage of total XP
 D = Non-vault monster count
 E = Vault monster count
 F = Vault count percentage of total count
                 A         B        C        D         E       F
            +---------+---------+-------+---------+---------+-------
      Total |   26668 |   12558 |  32.0 |     307 |      69 |  18.4
            +---------+---------+-------+---------+---------+-------
        D:1 |      54 |       0 |   0.0 |      26 |       0 |   0.0
        D:2 |      48 |      37 |  43.5 |      23 |       1 |   4.2
        D:3 |      72 |      42 |  36.8 |      20 |       1 |   4.8
        D:4 |     653 |     482 |  42.5 |      15 |      13 |  46.4
        D:5 |     310 |      54 |  14.8 |       9 |       3 |  25.0
        D:6 |     883 |      94 |   9.6 |      31 |       1 |   3.1
        D:7 |     844 |       0 |   0.0 |      16 |       0 |   0.0
        D:8 |    1295 |     430 |  24.9 |      27 |       1 |   3.6
        D:9 |    1667 |     621 |  27.1 |      24 |       3 |  11.1
       D:10 |    2704 |    1658 |  38.0 |      23 |       3 |  11.5
       D:11 |    2727 |     632 |  18.8 |      27 |       4 |  12.9
       D:12 |    3455 |    1073 |  23.7 |      15 |       1 |   6.2
     Lair:1 |    3345 |    1308 |  28.1 |      13 |       2 |  13.3
     Lair:2 |    4625 |    1254 |  21.3 |      15 |       7 |  31.8
     Lair:3 |    3986 |    1155 |  22.5 |      23 |      11 |  32.4
     Lair:4 |       0 |    1025 | 100.0 |       0 |       8 | 100.0
      IceCv |       0 |    2693 | 100.0 |       0 |      10 | 100.0
            +---------+---------+-------+---------+---------+-------
